TOP OF THE 1ST |
Minnesota Twins batting - Pitching for Houston Astros : RHP Chris Perretta
|
Pitching: RHP Chris Perretta
|
|
Batting: RHB Yonetoshi Muranaka
|
0-0: Ball 1-0: Ball 2-0: Swinging Strike 2-1: Called Strike 2-2: Fly out, F8 (Flyball, 8RM, EV 88.1 MPH)
|
Batting: LHB Sadamu Noguchi
|
0-0: Fly out, F8 (Flyball, 8RM, EV 86.2 MPH)
|
Batting: LHB Joel Kunkler
|
0-0: Called Strike 0-1: Ball 1-1: Ball 2-1: Swinging Strike 2-2: Ball 3-2: Strikes out swinging
|
Top of the 1st over - 0 runs, 0 hits, 0 errors, 0 left on base; Minnesota 0 - Houston 0 |
BOTTOM OF THE 1ST |
Houston Astros batting - Pitching for Minnesota Twins : LHP Billy Kline
|
Pitching: LHP Billy Kline
|
|
Batting: RHB Chang-wei Jiang
|
0-0: Called Strike 0-1: Ball 1-1: Ball 2-1: Ball 3-1: Base on Balls
|
Batting: RHB Trevor Mock
|
0-0: Ball 1-0: Foul Ball, location: 2F 1-1: Ball 2-1: Ball Chang-wei Jiang steals 2nd base 3-1: Foul Ball, location: 2F 3-2: Ground out 5-3 (Groundball, 56, EV 78.8 MPH)
|
Batting: SHB Addick de Vries
|
0-0: Called Strike 0-1: Ball 1-1: Foul Ball, location: 2F 1-2: Ball 2-2: Foul Ball, location: 2F 2-2: Ball 3-2: Foul Ball, location: 2F 3-2: DOUBLE (Line Drive, 89M, EV 93.8 MPH) Chang-wei Jiang scores
|
Batting: RHB Danny Dyer
|
0-0: Ball 1-0: Foul Ball, location: 2F 1-1: Ball 2-1: Called Strike 2-2: Ball 3-2: SINGLE (Groundball, 6M, EV 107.5 MPH) (infield hit) Addick de Vries to third
|
Batting: SHB Joe Gardner
|
0-0: Ball 1-0: Ground out 4-3 (Groundball, 34, EV 105.0 MPH) Addick de Vries scores Danny Dyer to second
|
Batting: RHB Josh Froyd
|
0-0: Called Strike 0-1: Ball 1-1: DOUBLE (Groundball, 5L, EV 105.6 MPH) Danny Dyer scores
|
Batting: LHB Ian Jarvis
|
0-0: Ball 1-0: Swinging Strike 1-1: Foul Ball, location: 2F 1-2: SINGLE (Line Drive, 56, EV 99.4 MPH) Josh Froyd to third Runner from 3rd tries for Home, SAFE, throw by LF to home
|
Batting: RHB Jeremy Trump
|
0-0: Ball 1-0: Foul Ball, location: 2F 1-1: Called Strike 1-2: Ball 2-2: SINGLE (Line Drive, 34, EV 105.6 MPH) Ian Jarvis to second
|
Batting: RHB Antonio Aranda
|
0-0: Swinging Strike 0-1: Ball 1-1: DOUBLE (Line Drive, 7LS, EV 106.9 MPH) Ian Jarvis scores Jeremy Trump to third Runner from 3rd tries for Home, SAFE, throw by LF to home
|
Pitching: RHP Riley Pooley
|
|
Batting: RHB Chang-wei Jiang
|
0-0: Called Strike 0-1: Swinging Strike 0-2: Ball 1-2: Ground out 6-3 (Groundball, 6, EV 83.8 MPH)
|
Bottom of the 1st over - 6 runs, 6 hits, 0 errors, 1 left on base; Minnesota 0 - Houston 6 |
TOP OF THE 2ND |
Minnesota Twins batting - Pitching for Houston Astros : RHP Chris Perretta
|
Batting: RHB Jesus Chavez
|
0-0: Ball 1-0: Called Strike 1-1: Called Strike 1-2: Foul Ball, location: 2F 1-2: Strikes out looking
|
Batting: SHB Buster Hyman
|
0-0: Ball 1-0: Ball 2-0: Ball 3-0: Called Strike 3-1: Foul Ball, location: 2F 3-2: Base on Balls
|
Batting: RHB José Molina
|
0-0: Ball 1-0: Ball 2-0: Foul Ball, location: 2F 2-1: Called Strike 2-2: SINGLE (Line Drive, 34D, EV 96.9 MPH) Buster Hyman to second Runner from 2nd tries for 3rd, SAFE, throw by RF made to third
|
Batting: RHB Väinö Tapaninen
|
0-0: Ball 1-0: Ball 2-0: Called Strike 2-1: Ball 3-1: Base on Balls José Molina to second
|
Batting: RHB Matthew Starr
|
0-0: Called Strike 0-1: Fly out, F7 (Flyball, 7S, EV 80.0 MPH)
|
Batting: RHB Josh Zoglmann
|
0-0: Fielders Choice at 2nd, 6-4 (Groundball, 6, EV 88.8 MPH)
|
Top of the 2nd over - 0 runs, 1 hit, 0 errors, 3 left on base; Minnesota 0 - Houston 6 |
BOTTOM OF THE 2ND |
Houston Astros batting - Pitching for Minnesota Twins : RHP Riley Pooley
|
Batting: RHB Trevor Mock
|
0-0: Ball 1-0: Ground out 6-3 (Groundball, 6, EV 83.8 MPH)
|
Batting: SHB Addick de Vries
|
0-0: Called Strike 0-1: Ball 1-1: SINGLE (Groundball, 56D, EV 100.0 MPH)
|
Batting: RHB Danny Dyer
|
0-0: Ball 1-0: Ball 2-0: Called Strike 2-1: Swinging Strike 2-2: Foul Ball, location: 2F 2-2: Strikes out looking
|
Batting: SHB Joe Gardner
|
0-0: SINGLE (Groundball, 56D, EV 100.0 MPH) Addick de Vries to second
|
Batting: RHB Josh Froyd
|
0-0: TRIPLE (Flyball, 78XD, EV 92.5 MPH) Addick de Vries scores Joe Gardner scores
|
Batting: LHB Ian Jarvis
|
0-0: DOUBLE (Groundball, 5L, EV 100.6 MPH) Josh Froyd scores
|
Batting: RHB Jeremy Trump
|
0-0: Called Strike 0-1: SINGLE (Line Drive, 8LS, EV 94.4 MPH) Ian Jarvis to third Runner from 3rd tries for Home, SAFE, throw by CF to home Jeremy Trump to second
|
Batting: RHB Antonio Aranda
|
0-0: Ground out U3 (Groundball, 34S, EV 81.9 MPH)
|
Bottom of the 2nd over - 4 runs, 5 hits, 0 errors, 1 left on base; Minnesota 0 - Houston 10 |
TOP OF THE 3RD |
Minnesota Twins batting - Pitching for Houston Astros : RHP Chris Perretta
|
Batting: RHB Yonetoshi Muranaka
|
0-0: Ball 1-0: Ball 2-0: Called Strike 2-1: Ground out 6-3 (Groundball, 6, EV 99.4 MPH)
|
Batting: LHB Sadamu Noguchi
|
0-0: Ball 1-0: Called Strike 1-1: Foul Ball, location: 2F 1-2: Strikes out swinging
|
Batting: LHB Joel Kunkler
|
0-0: Called Strike 0-1: Ball 1-1: Called Strike 1-2: Foul Ball, location: 2F 1-2: Ball 2-2: Strikes out looking
|
Top of the 3rd over - 0 runs, 0 hits, 0 errors, 0 left on base; Minnesota 0 - Houston 10 |
BOTTOM OF THE 3RD |
Houston Astros batting - Pitching for Minnesota Twins : RHP Riley Pooley
|
Batting: RHB Chang-wei Jiang
|
0-0: Ground out 6-3 (Groundball, 6, EV 84.4 MPH)
|
Batting: RHB Trevor Mock
|
0-0: Swinging Strike 0-1: Foul Ball, location: 2F 0-2: SINGLE (Line Drive, 6D, EV 96.2 MPH)
|
Pitching: RHP Tomas Vargas
|
|
Batting: SHB Addick de Vries
|
0-0: Ball 1-0: Ball 2-0: Called Strike 2-1: Swinging Strike 2-2: Fly out, F7 (Flyball, 78S, EV 86.9 MPH)
|
Batting: RHB Danny Dyer
|
0-0: SINGLE (Line Drive, 7S, EV 106.9 MPH) Trevor Mock to second
|
Batting: SHB Joe Gardner
|
0-0: Ball 1-0: Ball 2-0: SINGLE (Groundball, 6MD, EV 99.4 MPH) Trevor Mock to third Danny Dyer to second Runner from 3rd tries for Home, SAFE, throw by CF to home
|
Batting: RHB Josh Froyd
|
0-0: Ball 1-0: Ball 2-0: Ball 3-0: Called Strike 3-1: Fly out, F8 (Line Drive, 8RD, EV 95.6 MPH)
|
Bottom of the 3rd over - 1 run, 3 hits, 0 errors, 2 left on base; Minnesota 0 - Houston 11 |
TOP OF THE 4TH |
Minnesota Twins batting - Pitching for Houston Astros : RHP Chris Perretta
|
Batting: RHB Jesus Chavez
|
0-0: TRIPLE (Flyball, 8RXD, EV 98.1 MPH)
|
Batting: SHB Buster Hyman
|
0-0: Ball 1-0: Ball 2-0: Called Strike 2-1: Fly out, F7 (Flyball, 78XD, EV 94.4 MPH) Runner from 3rd tags up, SCORES, no throw by LF
|
Batting: RHB José Molina
|
0-0: Ball 1-0: Called Strike 1-1: Ball 2-1: Foul Ball, location: 2F 2-2: Ball 3-2: SINGLE (Flyball, 89S, EV 98.1 MPH)
|
Batting: RHB Väinö Tapaninen
|
0-0: Ball 1-0: Ball José Molina steals 2nd base 2-0: Ball 3-0: Called Strike 3-1: Called Strike 3-2: Base on Balls
|
Batting: RHB Matthew Starr
|
0-0: SINGLE (Groundball, 56S, EV 66.2 MPH) (infield hit) José Molina to third Väinö Tapaninen to second
|
Batting: RHB Josh Zoglmann
|
0-0: Foul Ball, location: 2F 0-1: Fly out, F8 (Flyball, 78XD, EV 112.5 MPH) Runner from 3rd tags up, SCORES, no throw by CF Väinö Tapaninen to third
|
Batting: RHB Yonetoshi Muranaka
|
0-0: Ball 1-0: Swinging Strike 1-1: Foul Ball, location: 2F 1-2: Foul Ball, location: 2F 1-2: Foul Ball, location: 2F 1-2: Ground out 5-3 (Groundball, 5S, EV 82.5 MPH)
|
Top of the 4th over - 2 runs, 3 hits, 0 errors, 2 left on base; Minnesota 2 - Houston 11 |
BOTTOM OF THE 4TH |
Houston Astros batting - Pitching for Minnesota Twins : RHP Tomas Vargas
|
Batting: LHB Ian Jarvis
|
0-0: Ball 1-0: Ball 2-0: Ball 3-0: Called Strike 3-1: Called Strike 3-2: Ground out U3 (Groundball, 3, EV 82.5 MPH)
|
Batting: RHB Jeremy Trump
|
0-0: Ball 1-0: Called Strike 1-1: Called Strike 1-2: Strikes out looking
|
Batting: RHB Antonio Aranda
|
0-0: Ball 1-0: Called Strike 1-1: Ball 2-1: SINGLE (Flyball, 9LS, EV 96.2 MPH)
|
Batting: RHB Chang-wei Jiang
|
0-0: Ball 1-0: Ball 2-0: Ball 3-0: Base on Balls Antonio Aranda to second
|
Batting: RHB Trevor Mock
|
0-0: Ball 1-0: Ball 2-0: Foul Ball, location: 2F 2-1: Ball 3-1: Base on Balls Antonio Aranda to third Chang-wei Jiang to second
|
Batting: SHB Addick de Vries
|
0-0: Called Strike 0-1: Swinging Strike 0-2: Foul Ball, location: 2F 0-2: Ball 1-2: Foul Ball, location: 2F 1-2: DOUBLE (Line Drive, 5D, EV 101.2 MPH) Antonio Aranda scores Chang-wei Jiang scores Trevor Mock to third Runner from 3rd tries for Home, throw by LF and OUT! 7-6-2
|
Bottom of the 4th over - 2 runs, 2 hits, 0 errors, 1 left on base; Minnesota 2 - Houston 13 |
TOP OF THE 5TH |
Minnesota Twins batting - Pitching for Houston Astros : RHP Chris Perretta
|
Batting: LHB Sadamu Noguchi
|
0-0: Fly out, F6 (Flyball, 6D, EV 78.8 MPH)
|
Batting: LHB Joel Kunkler
|
0-0: Called Strike 0-1: Ball 1-1: Foul Ball, location: 2F 1-2: DOUBLE (Flyball, 8LXD, EV 103.8 MPH)
|
Batting: RHB Jesus Chavez
|
0-0: Ball 1-0: Ball 2-0: Ball 3-0: Base on Balls
|
Batting: SHB Buster Hyman
|
0-0: Foul Ball, location: 2F 0-1: Swinging Strike 0-2: Ball 1-2: Ball 2-2: Ball 3-2: Fly out, F7 (Flyball, 78M, EV 78.8 MPH)
|
Batting: RHB José Molina
|
0-0: Swinging Strike 0-1: Foul Ball, location: 2F 0-2: Ball 1-2: Ball 2-2: Ball 3-2: Strikes out looking
|
Top of the 5th over - 0 runs, 1 hit, 0 errors, 2 left on base; Minnesota 2 - Houston 13 |
BOTTOM OF THE 5TH |
Houston Astros batting - Pitching for Minnesota Twins : RHP Tomas Vargas
|
Pitching: RHP Keeley Schenk
|
|
Batting: RHB Danny Dyer
|
0-0: Ball 1-0: Foul Ball, location: 2F 1-1: Foul Ball, location: 2F 1-2: Strikes out swinging
|
Batting: SHB Joe Gardner
|
0-0: Ball 1-0: Ball 2-0: Ball 3-0: Called Strike 3-1: SOLO HOME RUN (Flyball, 9D, EV 101.2 MPH), Distance : 379 ft
|
Batting: RHB Josh Froyd
|
0-0: Foul Ball, location: 2F 0-1: Foul Ball, location: 2F 0-2: Ball 1-2: Foul Ball, location: 2F 1-2: Ball 2-2: Ground out 1-3 (Groundball, 15S, EV 73.8 MPH)
|
Batting: LHB Ian Jarvis
|
0-0: Ball 1-0: Called Strike 1-1: Ball 2-1: Foul Ball, location: 2F 2-2: Fly out, F9 (Flyball, 9S, EV 95.6 MPH)
|
Bottom of the 5th over - 1 run, 1 hit, 0 errors, 0 left on base; Minnesota 2 - Houston 14 |
TOP OF THE 6TH |
Minnesota Twins batting - Pitching for Houston Astros : RHP Chris Perretta
|
Batting: RHB Väinö Tapaninen
|
0-0: Ball 1-0: Ball 2-0: Called Strike 2-1: Ball 3-1: Fly out, F7 (Line Drive, 7, EV 107.5 MPH)
|
Batting: RHB Matthew Starr
|
0-0: Fly out, F7 (Flyball, 7LS, EV 78.8 MPH)
|
Batting: RHB Josh Zoglmann
|
0-0: Ball 1-0: Ball 2-0: Foul Ball, location: 2F 2-1: Ground out 3-1 (Groundball, 34, EV 93.1 MPH)
|
Top of the 6th over - 0 runs, 0 hits, 0 errors, 0 left on base; Minnesota 2 - Houston 14 |
BOTTOM OF THE 6TH |
Houston Astros batting - Pitching for Minnesota Twins : RHP Keeley Schenk
|
Batting: RHB Jeremy Trump
|
0-0: Called Strike 0-1: Ball 1-1: Called Strike 1-2: Ball 2-2: Fly out, F8 (Line Drive, 8LM, EV 91.9 MPH)
|
Pitching: RHP Oscar Zuniga
|
|
Batting: RHB Antonio Aranda
|
0-0: Called Strike 0-1: Ball 1-1: Ball 2-1: Ground out 4-3 (Groundball, 4, EV 108.8 MPH)
|
Batting: RHB Chang-wei Jiang
|
0-0: Ball 1-0: Called Strike 1-1: Ball 2-1: Ground out 1-3 (Groundball, 15S, EV 70.6 MPH)
|
Bottom of the 6th over - 0 runs, 0 hits, 0 errors, 0 left on base; Minnesota 2 - Houston 14 |
TOP OF THE 7TH |
Minnesota Twins batting - Pitching for Houston Astros : RHP Chris Perretta
|
Pitching: RHP Danny Bustos
|
|
Pinch Hitting: RHB Brett Steele
|
0-0: Ball 1-0: Ball 2-0: Ball 3-0: Called Strike 3-1: Base on Balls
|
Pinch Hitting: LHB Gerardo Flores
|
0-0: 2-RUN HOME RUN (Flyball, 9D, EV 107.5 MPH), Distance : 419 ft
|
Pitching: LHP Mat Pear
|
|
Batting: LHB Joel Kunkler
|
0-0: Called Strike 0-1: Ball 1-1: Foul Ball, location: 2F 1-2: Foul Ball, location: 2F 1-2: Ball 2-2: Fly out, F7 (Flyball, 7S, EV 83.1 MPH)
|
Batting: RHB Jesus Chavez
|
0-0: Called Strike 0-1: Foul Ball, location: 2F 0-2: Strikes out swinging
|
Batting: SHB Buster Hyman
|
0-0: Swinging Strike 0-1: Foul Ball, location: 2F 0-2: Strikes out swinging, 2-3 out at first.
|
Top of the 7th over - 2 runs, 1 hit, 0 errors, 0 left on base; Minnesota 4 - Houston 14 |
BOTTOM OF THE 7TH |
Houston Astros batting - Pitching for Minnesota Twins : RHP Oscar Zuniga
|
Now at SS: Brett Steele
|
|
Now in RF: Gerardo Flores
|
|
Pinch Hitting: LHB Tony Vitela
|
0-0: Called Strike 0-1: Ball 1-1: Ball 2-1: Swinging Strike 2-2: DOUBLE (Line Drive, 8RXD, EV 106.9 MPH)
|
Batting: SHB Addick de Vries
|
0-0: SINGLE (Line Drive, 3D, EV 100.6 MPH) Tony Vitela to third Runner from 3rd tries for Home, SAFE, throw by RF to home
|
Pinch Hitting: LHB Jim Keefe
|
0-0: Ball 1-0: Called Strike 1-1: Fly out, F9 (Flyball, 9S, EV 75.0 MPH)
|
Pinch Hitting: LHB Bob Myers
|
0-0: Ball 1-0: Fielders Choice at 2nd, 6-4 (Groundball, 6M, EV 78.8 MPH)
|
Batting: RHB Josh Froyd
|
|
Pinch Hitting: RHB Matt Thompson
|
0-0: Ground out 1-3 (Groundball, 25, EV 65.6 MPH)
|
Bottom of the 7th over - 1 run, 2 hits, 0 errors, 1 left on base; Minnesota 4 - Houston 15 |
TOP OF THE 8TH |
Minnesota Twins batting - Pitching for Houston Astros : LHP Mat Pear
|
Now at 1B: Jim Keefe
|
|
Now at 2B: Matt Thompson
|
|
Now at SS: Jeremy Trump
|
|
Now in LF: Bob Myers
|
|
Now in CF: Tony Vitela
|
|
Batting: RHB José Molina
|
0-0: Swinging Strike 0-1: Called Strike 0-2: Ball 1-2: Ball 2-2: Ball 3-2: Strikes out swinging
|
Batting: RHB Väinö Tapaninen
|
0-0: Fly out, F9 (Flyball, 89D, EV 76.2 MPH)
|
Batting: RHB Matthew Starr
|
0-0: SINGLE (Flyball, 4D, EV 92.5 MPH)
|
Batting: RHB Josh Zoglmann
|
0-0: Called Strike 0-1: Swinging Strike 0-2: Ball 1-2: Strikes out swinging
|
Top of the 8th over - 0 runs, 1 hit, 0 errors, 1 left on base; Minnesota 4 - Houston 15 |
BOTTOM OF THE 8TH |
Houston Astros batting - Pitching for Minnesota Twins : RHP Oscar Zuniga
|
Batting: LHB Ian Jarvis
|
0-0: Ball 1-0: Called Strike 1-1: Ball 2-1: Fly out, F7 (Flyball, 7LM, EV 83.8 MPH)
|
Batting: RHB Jeremy Trump
|
0-0: Fly out, F9 (Flyball, 89D, EV 90.0 MPH)
|
Batting: RHB Antonio Aranda
|
0-0: Swinging Strike 0-1: Called Strike 0-2: Ball 1-2: Strikes out looking
|
Bottom of the 8th over - 0 runs, 0 hits, 0 errors, 0 left on base; Minnesota 4 - Houston 15 |
TOP OF THE 9TH |
Minnesota Twins batting - Pitching for Houston Astros : LHP Mat Pear
|
Batting: RHB Brett Steele
|
0-0: Ball 1-0: Foul Ball, location: 2F 1-1: Swinging Strike 1-2: Strikes out swinging
|
Batting: LHB Gerardo Flores
|
0-0: Ground out 5-3 (Groundball, 56, EV 100.6 MPH)
|
Batting: LHB Joel Kunkler
|
0-0: Foul Ball, location: 2F 0-1: Ground out U3 (Groundball, 3, EV 102.5 MPH)
|
Top of the 9th over - 0 runs, 0 hits, 0 errors, 0 left on base; Minnesota 4 - Houston 15 |
|